 Dungeon Crawl Stone Soup version 0.23.2-11-gf996548c65 (webtiles) character file.

Game seed: 12238580152610972617

1507 bok the Ruffian (level 8, -5/54 HPs)
             Began as an Octopode Fighter on June 5, 2019.
             Slain by an orc warrior
             ... wielding a +0 flail
              (21 damage)
             ... on level 5 of the Dungeon.
             The game lasted 00:09:21 (7035 turns).

bok the Ruffian (Octopode Fighter)                  Turns: 7035, Time: 00:09:22

Health: -5/54      AC:  1    Str: 15    XL:     8   Next: 82%
Magic:  8/8        EV: 14    Int: 10    God:
Gold:   312        SH:  9    Dex: 14    Spells: 7/7 levels left

rFire    . . .     SeeInvis .     - Unarmed
rCold    . . .     Gourm    .   a - +0 shield
rNeg     . . .     Faith    .   (helmet restricted)
rPois    .         Spirit   .   (no amulet)
rElec    .         Reflect  .   j - ring of protection from magic
rCorr    .         Harm     .   k - ring of flight
MR       +....                  (no ring)
Stlth    +++.......             (no ring)
HPRegen  0.18/turn              (no ring)
MPRegen  0.11/turn              (no ring)
                                (no ring)
                                (no ring)

@: no status effects
A: almost no armour, stealthy swim, amphibious, 8 rings, constrict 8, camouflage
1, gelatinous body 1
a: Evoke Flight


You were on level 5 of the Dungeon.
You were not hungry.

You visited 1 branch of the dungeon, and saw 6 of its levels.

You collected 312 gold pieces.

Inventory:

Armour
 a - a +0 shield (worn)
Jewellery
 j - a ring of protection from magic (left tentacle)
 k - a ring of flight (right tentacle)
Wands
 v - a wand of random effects (23)
Scrolls
 e - a scroll of enchant weapon {unknown}
 f - a scroll of blinking {unknown}
 g - 2 scrolls of amnesia {unknown}
 h - 5 scrolls of identify {unknown}
 i - 2 scrolls of teleportation {unknown}
 p - 2 scrolls of magic mapping {unknown}
 q - a scroll of fog {unknown}
 r - 2 scrolls of enchant armour {unknown}
 s - a scroll of fear {unknown}
 t - a scroll of immolation {unknown}
Potions
 b - a potion of might
 d - a potion of degeneration {unknown}
 l - 2 potions of curing {unknown}
 m - a potion of cancellation {unknown}
 n - a potion of magic {unknown}
 o - a potion of mutation {unknown}
Comestibles
 c - 8 rations


   Skills:
 + Level 4.6 Fighting
 + Level 5.8 Dodging
 - Level 3.2 Stealth
 + Level 5.2 Shields
 + Level 7.4 Unarmed Combat


You had 7 spell levels left.
You didn't know any spells.
Your spell library was empty.

Dungeon Overview and Level Annotations

Branches:
Dungeon (6/15)
 Temple: D:4-7

Altars:
Elyvilon
Ru
Vehumet
Yredelemnul

Annotations:
D:3 exclusion: 2 downstairs
D:4 Blork the orc
D:5 exclusion: downstairs


Innate Abilities, Weirdness & Mutations

You cannot wear most types of armour.
You are very stealthy in the water. (Stealth+)
You are amphibious.
You can wear up to eight rings at the same time.
You can use your tentacles to constrict eight enemies at once.
Your skin changes colour to match your surroundings (Stealth+).
Your rubbery body absorbs attacks. (AC +1, EV +1)


Message History

You bludgeon the orc warrior! You squeeze the orc warrior.
The orc warrior is severely wounded.
You constrict the orc warrior.
The orc warrior hits you with a +0 flail!!
You tentacle-slap the orc warrior but do no damage.
You squeeze the orc warrior, but do no damage.
The orc warrior is severely wounded.
You constrict the orc warrior. You tentacle-slap the orc warrior.
The orc warrior is almost dead.
You constrict the orc warrior, but do no damage.
The orc warrior hits you with a +0 flail!!
* * * LOW HITPOINT WARNING * * *
You are too injured to fight recklessly!
You tentacle-slap the orc warrior but do no damage.
You squeeze the orc warrior, but do no damage.
The orc warrior is almost dead.
You constrict the orc warrior, but do no damage.
The orc warrior hits you with a +0 flail!!
You die...

..^##...................###.#
#.####...#...........#### #.#
### ##....##....#...# #.#
#....####.......## #.# #....#
##<......## #.## ##...##
#........#####.## #....#
#....##.....##..# ###....#
#..o####......### ##......##
#.@## #....###.# #........#
##..# ##...## #.#
#####.....####..## #...## #.#
#..........##.[.# ##..## ####
#...............###..## #..#
#...................## ##.##
#.>.................## #..#
........##...######..## ##.##
.....######..<# ##..####..#


You could see an orc warrior.

Vanquished Creatures
  Pikel (D:4)
  Eustachio (D:4)
  An orc warrior (D:6)
  4 ogres
  A bullfrog skeleton (D:5)
  Natasha (twice) (D:4)
  An iguana (D:5)
  A worker ant (D:4)
  5 orc wizards (D:5)
  A howler monkey skeleton (D:6)
  8 adders
  8 gnolls
  2 oozes
  An adder zombie (D:5)
  A dart slug (D:2)
  A leopard gecko (D:2)
  19 orcs
  2 ball pythons
  6 bats
  4 giant cockroaches
  8 goblins
  9 hobgoblins
  4 jackals (D:1)
  8 kobolds
  3 quokkas (D:2)
  6 frilled lizards
  A quokka skeleton (D:5)
  10 rats
  A spectral orc (D:5)
120 creatures vanquished.

Vanquished Creatures (others)
  Natasha (D:4)
  A dart slug (D:4)
2 creatures vanquished.

Grand Total: 122 creatures vanquished

Notes
Turn   | Place    | Note
-------+----------+-------------------------------------------
     0 | D:1      | bok the Octopode Fighter began the quest for the Orb.
     0 | D:1      | Reached XP level 1. HP: 16/16 MP: 1/1
   118 | D:1      | Reached XP level 2. HP: 16/21 MP: 2/2
   373 | D:1      | Reached XP level 3. HP: 4/26 MP: 3/3
   386 | D:1      | HP: 1/26 [bat (1)]
  1485 | D:2      | Found a radiant altar of Vehumet.
  1506 | D:2      | Reached skill level 1 in Stealth
  1569 | D:2      | Reached XP level 4. HP: 25/31 MP: 4/4
  1607 | D:2      | Found a radiant altar of Vehumet.
  2207 | D:3      | Reached skill level 3 in Unarmed Combat
  2354 | D:3      | Reached XP level 5. HP: 36/36 MP: 5/5
  3526 | D:4      | Noticed Blork the orc
  3645 | D:4      | Noticed Eustachio
  3658 | D:4      | Killed Eustachio
  3658 | D:4      | Reached skill level 4 in Unarmed Combat
  3658 | D:4      | Reached XP level 6. HP: 19/43 MP: 6/6
  3664 | D:4      | Noticed Pikel
  3664 | D:4      | Noticed a slave
  3665 | D:4      | Noticed a slave
  3666 | D:4      | Noticed a slave
  4110 | D:4      | Noticed a slave
  4120 | D:4      | Killed Pikel
  4120 | D:4      | Reached skill level 5 in Unarmed Combat
  4120 | D:4      | Reached XP level 7. HP: 35/48 MP: 7/7
  4230 | D:4      | Noticed Natasha
  4245 | D:4      | Killed Natasha
  4250 | D:4      | Killed Natasha
  4251 | D:4      | Noticed Natasha
  4261 | D:4      | Killed Natasha
  4261 | D:4      | Reached skill level 5 in Dodging
  4627 | D:4      | Reached XP level 8. HP: 25/54 MP: 8/8
  4922 | D:5      | Entered Level 5 of the Dungeon
  4933 | D:5      | Reached skill level 6 in Unarmed Combat
  5333 | D:5      | Found a basalt altar of Yredelemnul.
  5455 | D:5      | Found a sacrificial altar of Ru.
  5782 | D:5      | Reached skill level 5 in Shields
  6699 | D:6      | Found a white marble altar of Elyvilon.
  6711 | D:6      | Reached skill level 7 in Unarmed Combat
  7035 | D:5      | Slain by an orc warrior

Skill      XL: |  1  2  3  4  5  6  7  8 |
---------------+-------------------------+-----
Stealth        | 1 2 3 |  3.2
Unarmed Combat | 3 4 5 7 |  7.4
Dodging        | 4 5 |  5.8
Fighting       | 4 |  4.6
Shields        | 4 5 |  5.2

Action                   |  1- 3 |  4- 6 |  7- 9 || total
-------------------------+-------+-------+-------++-------
Melee: Unarmed           |    76 |    82 |   131 ||   289
       Constrict         |    22 |    22 |    26 ||    70
       Tentacles         |    14 |    20 |    29 ||    63
       Punch             |     2 |     1 |     5 ||     8
  Use: Potion            |       |     1 |       ||     1
 Stab: Sleeping          |     4 |    16 |     5 ||    25
       Distracted        |       |       |     1 ||     1
  Eat: Chunk             |     2 |     6 |     8 ||    16
       Ration            |       |       |     1 ||     1
Armor: Skin              |     2 |     3 |       ||     5
Dodge: Dodged            |    24 |    40 |    46 ||   110
Block: Shield            |    26 |    35 |    54 ||   115
